 Dungeon Crawl Stone Soup version 0.18.1-48-g4cf74bf (webtiles) character file.

6443 nikopol the Spear-Bearer (level 10, -10/89 (90) HPs)
             Began as a Minotaur Berserker on Aug 2, 2016.
             Was an Elder of Trog.
             Shot with a bolt by an orc warrior (25 damage)
             ... in a bailey.
             The game lasted 00:21:43 (7007 turns).

nikopol the Spear-Bearer (Minotaur Berserker)       Turns: 7007, Time: 00:21:43

HP:   -10/89 (90)   AC: 11    Str: 23    XL:     10   Next: 67%
MP:   9/9           EV: 13    Int:  4    God:    Trog [****..]
Gold: 199           SH:  0    Dex: 12    Spells: 0 memorised, 9 levels left

rFire  . . .     SeeInvis .     z - +0 shortbow
rCold  . . .     Gourm    +     y - +0 scale mail
rNeg   . . .     Faith    .     (shield currently unavailable)
rPois  .         Spirit   .     (helmet restricted)
rElec  .         Dismiss  .     w - +0 cloak
rCorr  .         Reflect  .     (no gloves)
SustAt +         Harm     .     s - +1 pair of boots
MR     +++..                    D - amulet of the gourmand
Stlth  ..........               B - ring of sustain attributes
                                k - ring of protection from magic

@: regenerating, extremely resistant to hostile enchantments, extremely
unstealthy
A: retaliatory headbutt, horns 2
a: Berserk, Trog's Hand, Brothers in Arms, Burn Spellbooks, Renounce Religion


You were in a bailey.
You worshipped Trog.
Trog was greatly pleased with you.
You were completely stuffed.

You visited 1 branch of the dungeon, and saw 9 of its levels.
You also visited: Bailey.

You collected 322 gold pieces.
You spent 123 gold pieces at shops.

Inventory:

Hand Weapons
 a - a +3 spear
 o - a cursed -2 shortbow
 z - a +0 shortbow (weapon)
 T - a +2 halberd
Missiles
 h - 132 arrows (quivered)
Armour
 s - a +1 pair of boots (worn)
 w - a +0 cloak (worn)
 y - a +0 scale mail (worn)
Jewellery
 k - a ring of protection from magic (left hand)
 m - an uncursed ring of see invisible
 B - a ring of sustain attributes (right hand)
 D - an amulet of the gourmand (around neck)
 H - a cursed ring of protection from cold {unknown}
 O - a cursed ring of magical power {unknown}
 R - an uncursed ring of flight {unknown}
Wands
 g - a wand of slowing (19/48)
 K - a wand of slowing (26/48)
 L - a wand of acid (5/15)
 N - a wand of digging (18/24)
Scrolls
 l - 2 scrolls of enchant armour
 p - 5 scrolls of remove curse
 q - 2 scrolls of random uselessness
 r - 2 scrolls of enchant weapon
 t - 3 scrolls of identify
 u - 2 scrolls of recharging
 x - 5 scrolls of amnesia {unknown}
 A - 2 scrolls of immolation {unknown}
 C - a scroll of fear {unknown}
Potions
 d - 2 potions of brilliance
 e - a potion of invisibility
 i - a potion of agility
 j - 2 potions of curing {unknown}
 n - a potion of heal wounds
 E - a potion of ambrosia
 I - a potion of cure mutation {unknown}
 J - a potion of resistance
 M - 2 potions of cancellation {unknown}
 P - 2 potions of mutation {unknown}
 Q - a potion of flight {unknown}
Comestibles
 b - a slice of pizza
 c - 10 bread rations
 f - 4 meat rations
 v - 2 chunks of flesh
 G - 4 beef jerkies


   Skills:
 + Level 8.9 Fighting
 * Level 11.3 Polearms
 * Level 7.6 Bows
 + Level 8.2 Armour
 + Level 7.7 Dodging


You had 9 spell levels left.
You didn't know any spells.

Dungeon Overview and Level Annotations

Branches:
Dungeon (9/15)             Temple (0/1) D:5            Lair (0/8) D:8
    Orc: D:9-12

Altars:
Dithmenos
Fedhas
Okawaru
Yredelemnul
Zin

Shops:
D:5 *


Innate Abilities, Weirdness & Mutations

You reflexively headbutt those who attack you in melee.
You have a pair of horns on your head.


Message History

Read which item? (? for menu, Esc to quit)
Okay, then.
The orc shoots a bolt.
The bolt barely misses you.
Your skin crawls.
You feel resistant to hostile enchantments.
You feel slightly less full.
The orc shoots a bolt.
The bolt barely misses you.
An orc warrior comes into view. It is wielding an arbalest.
The orc warrior shouts!
The orc warrior shoots a bolt.
The bolt hits you!
* * * LOW HITPOINT WARNING * * *
You see here a bolt.
You are too injured to fight recklessly!
Firing (i - inventory):
h - 133 arrows (quivered)
Press: ? - help, Shift-Dir - straight line, f - orc warrior
Aim: an orc warrior, wielding an arbalest and wearing a ring mail You shoot an arrow.
The arrow hits the orc warrior!
The orc warrior is heavily wounded.
The orc warrior shoots a bolt.
The bolt hits you!!
You die...

................................#
................o.).............#
≈≈≈.................≈≈≈≈≈.......#
.#≈≈........().....≈≈#.#≈≈......#
.##≈.......((......≈##.##≈......#
.≈...............≈).^..≈......#
#≈...............≈##.##≈......#
≈......###......≈≈#.#≈≈......#
...### ####@...≈≈≈≈≈.......# .#
##...............#
##..............#
#..............# ##.............#
(o #.' #.............# .. #.#
#.......(.....# .() #.'
#.......(.....# ..o( #.##
##.............#


You could see an orc warrior.

Vanquished Creatures
  Erica (D:8)
  The ghost of CCXX the Grappler, a novice TrBe of Trog (Bailey)
  Pikel (D:6)
  Joseph (D:7)
  A two-headed ogre (D:7)
  Sigmund (D:4)
  4 yaks (D:9)
  Grum (D:8)
  A hippogriff (D:7)
  Menkaure (D:6)
  A water moccasin (D:8)
  4 orc warriors (Bailey)
  A sky beast (D:8)
  2 wasps
  A necrophage (D:6)
  A phantom (D:6)
  2 wolves (D:8)
  An ogre (D:8)
  3 centaurs
  A big kobold (D:7)
  A giant frog (D:6)
  4 killer bees (D:8)
  7 wights (D:8)
  A centaur zombie (D:4)
  4 crimson imps
  A quasit (D:9)
  2 hounds
  14 orc wizards
  A centaur skeleton (D:4)
  An orc priest (D:9)
  An iguana (D:5)
  Natasha (twice) (D:2)
  6 worker ants
  2 killer bee zombies
  4 adders
  4 gnolls
  2 shadow imps
  An ooze (D:3)
  An adder zombie (D:6)
  6 worms
  2 dart slugs (D:1)
  2 giant geckos
  37 orcs
  4 giant cockroaches
  9 goblins
  3 hobgoblins (D:1)
  9 kobolds
  2 quokkas (D:2)
  3 bats
  2 giant newts (D:1)
  5 rats
173 creatures vanquished.

Vanquished Creatures (others)
  A centaur (D:6)
  3 slaves (D:6)
  An orc wizard (D:6)
  A crimson imp (D:6)
  A jelly (D:6)
  2 gnolls (D:6)
  An adder (D:6)
  2 orcs (D:6)
12 creatures vanquished.

Grand Total: 185 creatures vanquished

Notes
Turn   | Place    | Note
--------------------------------------------------------------
     0 | D:1      | nikopol the Minotaur Berserker began the quest for the Orb.
     0 | D:1      | Reached XP level 1. HP: 19/19 MP: 0/0
   176 | D:1      | Reached XP level 2. HP: 23/27 MP: 1/1
   809 | D:2      | Reached skill level 4 in Polearms
   913 | D:2      | Reached XP level 3. HP: 33/33 MP: 2/2
   956 | D:2      | Noticed Natasha
   964 | D:2      | Killed Natasha
  1090 | D:2      | Noticed Natasha
  1095 | D:2      | Killed Natasha
  1095 | D:2      | Reached ** piety under Trog
  1095 | D:2      | Reached XP level 4. HP: 40/40 MP: 3/3
  1692 | D:3      | Reached XP level 5. HP: 37/47 MP: 4/4
  1813 | D:3      | Found a faded altar to an unknown god.
  1975 | D:3      | Reached skill level 5 in Polearms
  2210 | D:3      | Found a blossoming altar of Fedhas.
  2285 | D:4      | Reached skill level 5 in Fighting
  2297 | D:4      | Reached XP level 6. HP: 53/56 MP: 5/5
  2312 | D:4      | Found a shadowy altar of Dithmenos.
  2566 | D:4      | Noticed Sigmund
  2575 | D:4      | Killed Sigmund
  2575 | D:4      | Reached skill level 6 in Polearms
  2575 | D:4      | Reached XP level 7. HP: 61/61 MP: 6/6
  2724 | D:5      | Entered Level 5 of the Dungeon
  2979 | D:5      | Found an iron altar of Okawaru.
  3039 | D:5      | Found a staircase to the Ecumenical Temple.
  3105 | D:5      | Found Uklaerunuk's General Store.
  3108 | D:5      | Bought a scroll of enchant weapon for 97 gold pieces
  3108 | D:5      | Bought a scroll of identify for 26 gold pieces
  3175 | D:6      | Noticed Pikel
  3186 | D:6      | Killed Pikel
  3186 | D:6      | Reached skill level 7 in Polearms
  3186 | D:6      | Reached skill level 5 in Armour
  3186 | D:6      | Reached skill level 5 in Dodging
  3186 | D:6      | Reached XP level 8. HP: 71/71 MP: 7/7
  3191 | D:6      | Reached *** piety under Trog
  3616 | D:6      | Noticed Menkaure
  3620 | D:6      | Killed Menkaure
  3620 | D:6      | Reached skill level 1 in Bows
  3663 | D:6      | Reached skill level 8 in Polearms
  4281 | D:7      | Reached skill level 9 in Polearms
  4334 | D:7      | Noticed Joseph
  4346 | D:7      | Killed Joseph
  4346 | D:7      | Reached XP level 9. HP: 78/78 MP: 8/8
  4624 | D:7      | Reached **** piety under Trog
  4760 | D:8      | Noticed Grum
  4783 | D:8      | Killed Grum
  4783 | D:8      | Reached skill level 5 in Bows
  5292 | D:8      | Found a basalt altar of Yredelemnul.
  5295 | D:8      | Found a glowing silver altar of Zin.
  5298 | D:8      | Found a shadowy altar of Dithmenos.
  5298 | D:8      | Noticed Erica
  5324 | D:8      | Killed Erica
  5324 | D:8      | Reached skill level 10 in Polearms
  5545 | D:8      | Received a gift from Trog
  5545 | D:8      | Reached XP level 10. HP: 78/87 MP: 9/9
  6213 | D:8      | Found a staircase to the Lair.
  6482 | D:9      | Found a flagged portal.
  6505 | Bailey   | Entered a bailey
  6515 | Bailey   | Noticed CCXX's ghost (novice TrBe)
  6532 | Bailey   | Killed CCXX's ghost
  6532 | Bailey   | Reached skill level 11 in Polearms
  7007 | Bailey   | Shot with a bolt by an orc warrior

Skill      XL: |  1  2  3  4  5  6  7  8  9 10 |
---------------+-------------------------------+-----
Polearms       | 4 5 6 7 9 10 11 | 11.3
Fighting       | 4 5 6 7 8 |  8.9
Dodging        | 3 4 5 6 7 |  7.7
Armour         | 3 4 5 6 7 8 |  8.2
Bows           | 4 6 7 |  7.6

Action                   |  1- 3 |  4- 6 |  7- 9 | 10-12 || total
-------------------------+-------+-------+-------+-------++-------
Melee: Spear             |    66 |    53 |       |   125 ||   244
       Headbutt          |     5 |    14 |    31 |    23 ||    73
       Halberd           |       |    60 |       |    12 ||    72
       Trident           |       |     8 |   155 |    20 ||   183
 Fire: Shortbow          |       |       |   112 |   100 ||   212
Invok: Berserk           |       |     2 |     3 |     1 ||     6
       Burn Spellbooks   |       |       |     1 |       ||     1
       Trog's Hand       |       |       |       |     1 ||     1
  Use: Scroll            |       |       |     6 |     6 ||    12
 Stab: Sleeping          |     1 |       |       |       ||     1
  Eat: Chunk             |     1 |     5 |    19 |     7 ||    32
       Royal jelly       |       |       |     1 |       ||     1
       Pizza             |       |       |     1 |       ||     1
Armor: Animal skin       |     2 |       |       |       ||     2
       Ring mail         |     3 |    24 |       |       ||    27
       Scale mail        |       |     3 |    48 |    39 ||    90
Dodge: Dodged            |    30 |    48 |    66 |    78 ||   222
